MLB
LOS ANGELES ANGELS @ OAKLAND ATHLETICS
06/15/2018
 
TOP OF THE 1ST
Los Angeles Angels batting - Pitching for Oakland Athletics : LHP Gio Gonzalez
Pitching: LHP Gio Gonzalez
Batting: RHB Kevin Pillar 0-0: Foul Ball, location: 2F
0-1: Ball
1-1: Ball
2-1: Swinging Strike
2-2: Strikes out swinging
Batting: LHB Kevin Kiermaier 0-0: Ball
1-0: Ball
2-0: Ball
3-0: Called Strike
3-1: Bunted foul
3-2: Fly out, F8 (Line Drive, 8RM)
Batting: RHB Trevor Story 0-0: Called Strike
0-1: Ball
1-1: Ball
2-1: Called Strike
2-2: Fly out, F7 (Flyball, 7LM)
Top of the 1st over - 0 runs, 0 hits, 0 errors, 0 left on base; Los Angeles 0 - Oakland 0
BOTTOM OF THE 1ST
Oakland Athletics batting - Pitching for Los Angeles Angels : RHP Trevor Bauer
Pitching: RHP Trevor Bauer
Batting: RHB DJ LeMahieu 0-0: Ball
1-0: Swinging Strike
1-1: Ground out 6-3 (Groundball, 6)
Batting: LHB Didi Gregorius 0-0: Ball
1-0: Ball
2-0: Fly out, F7 (Line Drive, 7S)
Batting: RHB Rhys Hoskins 0-0: Ball
1-0: Ball
2-0: Fly out, F9 (Flyball, 89D)
Bottom of the 1st over - 0 runs, 0 hits, 0 errors, 0 left on base; Los Angeles 0 - Oakland 0
TOP OF THE 2ND
Los Angeles Angels batting - Pitching for Oakland Athletics : LHP Gio Gonzalez
Batting: RHB Wil Myers 0-0: Called Strike
0-1: Foul Ball, location: 2F
0-2: Strikes out swinging
Batting: LHB Jason Kipnis 0-0: Ball
1-0: Called Strike
1-1: Ball
2-1: Ball
3-1: Base on Balls
Batting: RHB Tyler Austin 0-0: Called Strike
0-1: Ball
1-1: Foul Ball, location: 2F
1-2: Foul Ball, location: 2F
1-2: Ball
2-2: Foul Ball, location: 2F
2-2: Fly out, F7 (Flyball, 7LS)
Batting: RHB Evan Longoria 0-0: Ball
1-0: Foul Ball, location: 2F
1-1: Foul Ball, location: 2F
1-2: Fielders Choice at 2nd, 6-4 (Groundball, 6)
Top of the 2nd over - 0 runs, 0 hits, 0 errors, 1 left on base; Los Angeles 0 - Oakland 0
BOTTOM OF THE 2ND
Oakland Athletics batting - Pitching for Los Angeles Angels : RHP Trevor Bauer
Batting: RHB Paul Goldschmidt 0-0: Ball
1-0: Swinging Strike
1-1: Swinging Strike
1-2: Strikes out looking
Batting: RHB James McCann 0-0: Ball
1-0: Ball
2-0: Foul Ball, location: 2F
2-1: Called Strike
2-2: Ball
3-2: Fly out, F9 (Flyball, 89M)
Batting: LHB Shin-Soo Choo 0-0: Called Strike
0-1: Ball
1-1: SOLO HOME RUN (Flyball, 9D), Distance : 381 ft
Batting: LHB Herschel Powell 0-0: Ball
1-0: Foul Ball, location: 2F
1-1: Ball
2-1: Swinging Strike
2-2: Foul Ball, location: 2F
2-2: Foul Ball, location: 2F
2-2: Ground out 6-3 (Groundball, 56)
Bottom of the 2nd over - 1 run, 1 hit, 0 errors, 0 left on base; Los Angeles 0 - Oakland 1
TOP OF THE 3RD
Los Angeles Angels batting - Pitching for Oakland Athletics : LHP Gio Gonzalez
Batting: RHB Mike Zunino 0-0: Fly out, F8 (Flyball, 8LM)
Batting: RHB Wilmer Flores 0-0: Called Strike
0-1: SOLO HOME RUN (Flyball, 9D), Distance : 386 ft
Batting: RHB Kevin Pillar 0-0: Foul Ball, location: 2F
0-1: Swinging Strike
0-2: Ground out 1-3 (Groundball, 13S)
Batting: LHB Kevin Kiermaier 0-0: Ball
1-0: Called Strike
1-1: Called Strike
1-2: Ground out 4-3 (Groundball, 4)
Top of the 3rd over - 1 run, 1 hit, 0 errors, 0 left on base; Los Angeles 1 - Oakland 1
BOTTOM OF THE 3RD
Oakland Athletics batting - Pitching for Los Angeles Angels : RHP Trevor Bauer
Batting: SHB Marwin Gonzalez 0-0: Called Strike
0-1: Bunt missed!
0-2: Ground out 4-3 (Groundball, 4)
Batting: SHB Kaleb Cowart 0-0: Ground out 4-3 (Groundball, 4)
Batting: RHB DJ LeMahieu 0-0: Ball
1-0: Ball
2-0: Ball
3-0: Called Strike
3-1: Called Strike
3-2: Foul Ball, location: 2F
3-2: Foul Ball, location: 2F
3-2: Ground out 1-3 (Groundball, P)
Bottom of the 3rd over - 0 runs, 0 hits, 0 errors, 0 left on base; Los Angeles 1 - Oakland 1
TOP OF THE 4TH
Los Angeles Angels batting - Pitching for Oakland Athletics : LHP Gio Gonzalez
Batting: RHB Trevor Story 0-0: Called Strike
0-1: Swinging Strike
0-2: Foul Ball, location: 2F
0-2: Ball
1-2: Ball
2-2: Ball
3-2: Strikes out looking
Batting: RHB Wil Myers 0-0: Reached on error, E4 (Groundball, 6M)
Batting: LHB Jason Kipnis 0-0: Swinging Strike
0-1: Ball
1-1: Called Strike
1-2: Foul Ball, location: 2F
1-2: Ball
2-2: Strikes out looking
Batting: RHB Tyler Austin 0-0: Ball
1-0: Called Strike
1-1: Called Strike
1-2: Ball
2-2: Ball
3-2: Base on Balls
Batting: RHB Evan Longoria 0-0: Called Strike
0-1: Ball
1-1: Ball
2-1: Fly out, F8 (Line Drive, 8LD)
Top of the 4th over - 0 runs, 0 hits, 1 error, 2 left on base; Los Angeles 1 - Oakland 1
BOTTOM OF THE 4TH
Oakland Athletics batting - Pitching for Los Angeles Angels : RHP Trevor Bauer
Batting: LHB Didi Gregorius 0-0: Ball
1-0: SINGLE (Groundball, 6MD)
Batting: RHB Rhys Hoskins 0-0: Called Strike
0-1: Called Strike
0-2: Ball
1-2: SINGLE (Groundball, 6MD)
Didi Gregorius to second
Runner from 2nd tries for 3rd, SAFE, throw by CF made to third
Batting: RHB Paul Goldschmidt 0-0: Ball
1-0: TRIPLE (Flyball, 89XD)
Didi Gregorius scores
Rhys Hoskins scores
Batting: RHB James McCann 0-0: Fly out, F8 (Flyball, 8RM)
Runner from 3rd tags up, OUT at HOME! 8-2
Batting: LHB Shin-Soo Choo 0-0: Swinging Strike
0-1: Ball
1-1: Foul Ball, location: 2F
1-2: SINGLE (Line Drive, 89S)
Batting: LHB Herschel Powell 0-0: Ball
1-0: Ball
2-0: Called Strike
2-1: Foul Ball, location: 2F
2-2: Ball
3-2: Base on Balls
Shin-Soo Choo to second
Batting: SHB Marwin Gonzalez 0-0: Ground out 4-3 (Groundball, 4)
Bottom of the 4th over - 2 runs, 4 hits, 0 errors, 2 left on base; Los Angeles 1 - Oakland 3
TOP OF THE 5TH
Los Angeles Angels batting - Pitching for Oakland Athletics : LHP Gio Gonzalez
Batting: RHB Mike Zunino 0-0: Ball
1-0: Ball
2-0: Ground out 1-3 (Groundball, 25)
Batting: RHB Wilmer Flores 0-0: Foul Ball, location: 2F
0-1: Swinging Strike
0-2: Ball
1-2: Ball
2-2: Strikes out swinging
Batting: RHB Kevin Pillar 0-0: Called Strike
0-1: Ball
1-1: Ball
2-1: Fly out, F8 (Line Drive, 8RM)
Top of the 5th over - 0 runs, 0 hits, 0 errors, 0 left on base; Los Angeles 1 - Oakland 3
BOTTOM OF THE 5TH
Oakland Athletics batting - Pitching for Los Angeles Angels : RHP Trevor Bauer
Batting: SHB Kaleb Cowart 0-0: Called Strike
0-1: Called Strike
0-2: Foul Ball, location: 2F
0-2: Strikes out looking
Batting: RHB DJ LeMahieu 0-0: Foul Ball, location: 2F
0-1: Swinging Strike
0-2: Foul Ball, location: 2F
0-2: Ground out 3-1 (Groundball, 34S)
Batting: LHB Didi Gregorius 0-0: Called Strike
0-1: Swinging Strike
0-2: Strikes out swinging
Bottom of the 5th over - 0 runs, 0 hits, 0 errors, 0 left on base; Los Angeles 1 - Oakland 3
TOP OF THE 6TH
Los Angeles Angels batting - Pitching for Oakland Athletics : LHP Gio Gonzalez
Batting: LHB Kevin Kiermaier 0-0: Ball
1-0: Fly out, F4 (Popup, 34S)
Batting: RHB Trevor Story 0-0: Ball
1-0: SINGLE (Line Drive, 78S)
Batting: RHB Wil Myers 0-0: Ball
1-0: Foul Ball, location: 2F
1-1: Foul Ball, location: 2F
1-2: 2-RUN HOME RUN (Flyball, 9D), Distance : 383 ft
Batting: LHB Jason Kipnis 0-0: Ball
1-0: Swinging Strike
1-1: Foul Ball, location: 2F
1-2: Ball
2-2: DOUBLE (Line Drive, 89XD)
Batting: RHB Tyler Austin 0-0: Called Strike
0-1: Foul Ball, location: 2F
0-2: Strikes out swinging
Batting: RHB Evan Longoria 0-0: Intentional Walk
Batting: RHB Mike Zunino 0-0: Swinging Strike
0-1: Ball
1-1: Ball
2-1: Foul Ball, location: 2F
2-2: Ball
3-2: Strikes out swinging
Top of the 6th over - 2 runs, 3 hits, 0 errors, 2 left on base; Los Angeles 3 - Oakland 3
BOTTOM OF THE 6TH
Oakland Athletics batting - Pitching for Los Angeles Angels : RHP Trevor Bauer
Batting: RHB Rhys Hoskins 0-0: Ball
1-0: Ball
2-0: Called Strike
2-1: Ball
3-1: Fly out, F9 (Flyball, 9S)
Batting: RHB Paul Goldschmidt 0-0: Foul Ball, location: 2F
0-1: Fly out, F8 (Flyball, 8RS)
Batting: RHB James McCann 0-0: Ball
1-0: Ball
2-0: Swinging Strike
2-1: Swinging Strike
2-2: Strikes out swinging
Bottom of the 6th over - 0 runs, 0 hits, 0 errors, 0 left on base; Los Angeles 3 - Oakland 3
TOP OF THE 7TH
Los Angeles Angels batting - Pitching for Oakland Athletics : LHP Gio Gonzalez
Pitching: RHP Matt Barnes
Batting: RHB Wilmer Flores 0-0: Ball
1-0: Ball
2-0: Ground out 4-3 (Groundball, 4)
Batting: RHB Kevin Pillar 0-0: Called Strike
0-1: Ball
1-1: Ground out 6-3 (Groundball, 56)
Batting: LHB Kevin Kiermaier 0-0: Swinging Strike
0-1: Ball
1-1: Foul Ball, location: 2F
1-2: Fly out, F8 (Flyball, 89S)
Top of the 7th over - 0 runs, 0 hits, 0 errors, 0 left on base; Los Angeles 3 - Oakland 3
BOTTOM OF THE 7TH
Oakland Athletics batting - Pitching for Los Angeles Angels : RHP Trevor Bauer
Batting: LHB Shin-Soo Choo 0-0: Foul Ball, location: 2F
0-1: Swinging Strike
0-2: Fly out, F8 (Flyball, 89XD)
Batting: LHB Herschel Powell 0-0: Fly out, F8 (Line Drive, 8LD)
Batting: SHB Marwin Gonzalez 0-0: Swinging Strike
0-1: Ball
1-1: Called Strike
1-2: Foul Ball, location: 2F
1-2: Strikes out swinging
Bottom of the 7th over - 0 runs, 0 hits, 0 errors, 0 left on base; Los Angeles 3 - Oakland 3
TOP OF THE 8TH
Los Angeles Angels batting - Pitching for Oakland Athletics : RHP Matt Barnes
Pitching: RHP Michael Feliz
Batting: RHB Trevor Story 0-0: Ball
1-0: Called Strike
1-1: Swinging Strike
1-2: Strikes out swinging
Batting: RHB Wil Myers 0-0: Ball
1-0: Called Strike
1-1: Foul Ball, location: 2F
1-2: Strikes out swinging
Batting: LHB Jason Kipnis 0-0: Fly out, F7 (Flyball, 7LSF)
Top of the 8th over - 0 runs, 0 hits, 0 errors, 0 left on base; Los Angeles 3 - Oakland 3
BOTTOM OF THE 8TH
Oakland Athletics batting - Pitching for Los Angeles Angels : RHP Trevor Bauer
Pitching: RHP Chaz Roe
Batting: SHB Kaleb Cowart 0-0: Ball
1-0: Foul Ball, location: 2F
1-1: Ball
2-1: Ball
3-1: Base on Balls
Batting: RHB DJ LeMahieu 0-0: Called Strike
0-1: Fly out, F9 (Flyball, 9)
Batting: LHB Didi Gregorius 0-0: Called Strike
0-1: Ball
1-1: Swinging Strike
1-2: Ball
Kaleb Cowart is caught stealing 2nd base 2-6
2-2: Ball
3-2: Foul Ball, location: 2F
3-2: Fly out, F8 (Flyball, 8RD)
Bottom of the 8th over - 0 runs, 0 hits, 0 errors, 0 left on base; Los Angeles 3 - Oakland 3
TOP OF THE 9TH
Los Angeles Angels batting - Pitching for Oakland Athletics : RHP Michael Feliz
Batting: RHB Tyler Austin 0-0: Called Strike
0-1: Foul Ball, location: 2F
0-2: Strikes out swinging
Batting: RHB Evan Longoria 0-0: Ball
1-0: Fly out, F8 (Flyball, 78M)
Batting: RHB Mike Zunino 0-0: Ball
1-0: Ball
2-0: Ball
3-0: SINGLE (Line Drive, 7S)
Batting: RHB Wilmer Flores 0-0: Called Strike
0-1: Called Strike
0-2: Ball
1-2: Ball
2-2: Ball
3-2: Strikes out looking
Top of the 9th over - 0 runs, 1 hit, 0 errors, 1 left on base; Los Angeles 3 - Oakland 3
BOTTOM OF THE 9TH
Oakland Athletics batting - Pitching for Los Angeles Angels : RHP Chaz Roe
Pitching: LHP Luis Avilan
Batting: RHB Rhys Hoskins 0-0: Ball
1-0: Fly out, F9 (Line Drive, 9)
Pitching: RHP Sam Dyson
Batting: RHB Paul Goldschmidt 0-0: Foul Ball, location: 2F
0-1: Foul Ball, location: 2F
0-2: Strikes out swinging
Batting: RHB James McCann 0-0: Ball
1-0: Ball
2-0: Swinging Strike
2-1: Foul Ball, location: 2F
2-2: Strikes out swinging
Bottom of the 9th over - 0 runs, 0 hits, 0 errors, 0 left on base; Los Angeles 3 - Oakland 3
TOP OF THE 10TH
Los Angeles Angels batting - Pitching for Oakland Athletics : RHP Michael Feliz
Pitching: RHP Craig Kimbrel
Batting: RHB Kevin Pillar 0-0: Called Strike
0-1: Ball
1-1: Called Strike
1-2: Ball
2-2: Strikes out looking
Batting: LHB Kevin Kiermaier 0-0: Ball
1-0: Foul Ball, location: 2F
1-1: Fly out, F9 (Line Drive, 9)
Batting: RHB Trevor Story 0-0: Foul Ball, location: 2F
0-1: Foul Ball, location: 2F
0-2: Ball
1-2: Foul Ball, location: 2F
1-2: Strikes out swinging
Top of the 10th over - 0 runs, 0 hits, 0 errors, 0 left on base; Los Angeles 3 - Oakland 3
BOTTOM OF THE 10TH
Oakland Athletics batting - Pitching for Los Angeles Angels : RHP Sam Dyson
Pitching: RHP Jeurys Familia
Batting: LHB Shin-Soo Choo 0-0: Ball
1-0: Foul Ball, location: 2F
1-1: SINGLE (Flyball, 89M)
Batting: LHB Herschel Powell 0-0: Grounds into double play, 6-4-3 (Groundball, 6)
Batting: SHB Marwin Gonzalez 0-0: Called Strike
0-1: Ball
1-1: Swinging Strike
1-2: Strikes out swinging
Bottom of the 10th over - 0 runs, 1 hit, 0 errors, 0 left on base; Los Angeles 3 - Oakland 3
TOP OF THE 11TH
Los Angeles Angels batting - Pitching for Oakland Athletics : RHP Craig Kimbrel
Pitching: LHP Sean Doolittle
Batting: RHB Wil Myers 0-0: Foul Ball, location: 2F
0-1: Foul Ball, location: 2F
0-2: Strikes out swinging
Batting: LHB Jason Kipnis 0-0: Called Strike
0-1: DOUBLE (Groundball, 5L)
Batting: RHB Tyler Austin 0-0: Called Strike
0-1: Ball
1-1: Foul Ball, location: 2F
1-2: Strikes out swinging
Batting: RHB Evan Longoria 0-0: Intentional Walk
Batting: RHB Mike Zunino 0-0: Foul Ball, location: 2F
0-1: Ball
1-1: Fly out, F9 (Line Drive, 9)
Top of the 11th over - 0 runs, 1 hit, 0 errors, 2 left on base; Los Angeles 3 - Oakland 3
BOTTOM OF THE 11TH
Oakland Athletics batting - Pitching for Los Angeles Angels : RHP Jeurys Familia
Batting: SHB Kaleb Cowart 0-0: Ball
1-0: Ground out 6-3 (Groundball, 6M)
Batting: RHB DJ LeMahieu 0-0: Called Strike
0-1: Foul Ball, location: 2F
0-2: Ball
1-2: Ball
2-2: Ball
3-2: Foul Ball, location: 2F
3-2: Foul Ball, location: 2F
3-2: Ground out 4-3 (Groundball, 34D)
Batting: LHB Didi Gregorius 0-0: Ball
1-0: Foul Ball, location: 2F
1-1: Ball
2-1: Bunt for hit to 5S - play at first, batter safe!
Batting: RHB Rhys Hoskins 0-0: Called Strike
0-1: Ball
1-1: Ball
2-1: Foul Ball, location: 2F
2-2: Ground out 2-3 (Groundball, 2R)
Bottom of the 11th over - 0 runs, 1 hit, 0 errors, 1 left on base; Los Angeles 3 - Oakland 3
TOP OF THE 12TH
Los Angeles Angels batting - Pitching for Oakland Athletics : LHP Sean Doolittle
Pitching: RHP Chasen Bradford
Batting: RHB Wilmer Flores 0-0: Called Strike
0-1: Ball
1-1: Ground out 4-3 (Groundball, 4)
Batting: RHB Kevin Pillar 0-0: DOUBLE (Line Drive, 3D)
Batting: LHB Kevin Kiermaier 0-0: Intentional Walk
Batting: RHB Trevor Story 0-0: Ball
1-0: Ball
2-0: Foul Ball, location: 2F
2-1: Grounds into double play, 5-4-3 (Groundball, 56S)
Top of the 12th over - 0 runs, 1 hit, 0 errors, 1 left on base; Los Angeles 3 - Oakland 3
BOTTOM OF THE 12TH
Oakland Athletics batting - Pitching for Los Angeles Angels : RHP Jeurys Familia
Pitching: RHP Sam Tuivailala
Batting: RHB Paul Goldschmidt 0-0: Ball
1-0: Ball
2-0: Called Strike
2-1: Ball
3-1: Called Strike
3-2: Foul Ball, location: 2F
3-2: Base on Balls
Batting: RHB James McCann 0-0: Foul Ball, location: 2F
0-1: Ball
1-1: Foul Ball, location: 2F
1-2: Ball
2-2: Fielders Choice at 2nd, 2-6 (Groundball, 13S)
Batting: LHB Shin-Soo Choo 0-0: Called Strike
0-1: Ball
1-1: Ball
2-1: Grounds into double play, 4-6-3 (Groundball, 4)
Bottom of the 12th over - 0 runs, 0 hits, 0 errors, 0 left on base; Los Angeles 3 - Oakland 3
TOP OF THE 13TH
Los Angeles Angels batting - Pitching for Oakland Athletics : RHP Chasen Bradford
Batting: RHB Wil Myers 0-0: Foul Ball, location: 2F
0-1: Swinging Strike
0-2: Strikes out swinging
Batting: LHB Jason Kipnis 0-0: Ball
1-0: Foul Ball, location: 2F
1-1: Foul Ball, location: 2F
1-2: Strikes out swinging
Batting: RHB Tyler Austin 0-0: Called Strike
0-1: Ball
1-1: Swinging Strike
1-2: Ball
2-2: Ball
3-2: Strikes out looking
Top of the 13th over - 0 runs, 0 hits, 0 errors, 0 left on base; Los Angeles 3 - Oakland 3
BOTTOM OF THE 13TH
Oakland Athletics batting - Pitching for Los Angeles Angels : RHP Sam Tuivailala
Batting: LHB Herschel Powell 0-0: Ball
1-0: Called Strike
1-1: SINGLE (Line Drive, 56D)
Batting: SHB Marwin Gonzalez 0-0: Called Strike
Herschel Powell steals 2nd base
0-1: Foul Ball, location: 2F
0-2: Foul Ball, location: 2F
0-2: Ball
1-2: Strikes out looking
Batting: SHB Kaleb Cowart 0-0: Called Strike
0-1: Foul Ball, location: 2F
0-2: Ball
1-2: Ball
2-2: Foul Ball, location: 2F
2-2: Ball
3-2: Foul Ball, location: 2F
3-2: Fly out, F9 (Flyball, 9S)
Batting: RHB DJ LeMahieu 0-0: Ball
1-0: Foul Ball, location: 2F
1-1: Ball
2-1: Foul Ball, location: 2F
2-2: Strikes out swinging
Bottom of the 13th over - 0 runs, 1 hit, 0 errors, 1 left on base; Los Angeles 3 - Oakland 3
TOP OF THE 14TH
Los Angeles Angels batting - Pitching for Oakland Athletics : RHP Chasen Bradford
Batting: RHB Evan Longoria 0-0: Ball
1-0: Fly out, F8 (Flyball, 89XD)
Batting: RHB Mike Zunino 0-0: Called Strike
0-1: Fly out, F8 (Flyball, 78M)
Batting: RHB Wilmer Flores 0-0: Fly out, F4 (Popup, 23)
Top of the 14th over - 0 runs, 0 hits, 0 errors, 0 left on base; Los Angeles 3 - Oakland 3
BOTTOM OF THE 14TH
Oakland Athletics batting - Pitching for Los Angeles Angels : RHP Sam Tuivailala
Batting: LHB Didi Gregorius 0-0: Swinging Strike
0-1: Ball
1-1: Called Strike
1-2: Fly out, F9 (Flyball, 89XD)
Batting: RHB Rhys Hoskins 0-0: Ball
1-0: Called Strike
1-1: Foul Ball, location: 2F
1-2: Ball
2-2: Foul Ball, location: 2F
2-2: Ground out 4-3 (Groundball, 4)
Batting: RHB Paul Goldschmidt 0-0: Ball
1-0: Ball
2-0: Foul Ball, location: 2F
2-1: Ball
3-1: Called Strike
3-2: Base on Balls
Batting: RHB James McCann 0-0: Ball
1-0: Foul Ball, location: 2F
1-1: Swinging Strike
1-2: Foul Ball, location: 2F
1-2: Ball
2-2: Ball
3-2: Foul Ball, location: 2F
3-2: Base on Balls
Paul Goldschmidt to second
Pitching: LHP Matt Grace
Batting: LHB Shin-Soo Choo 0-0: Ball
1-0: Ball
2-0: Called Strike
2-1: Ground out 1-3 (Groundball, 15)
Bottom of the 14th over - 0 runs, 0 hits, 0 errors, 2 left on base; Los Angeles 3 - Oakland 3
TOP OF THE 15TH
Los Angeles Angels batting - Pitching for Oakland Athletics : RHP Chasen Bradford
Batting: RHB Kevin Pillar 0-0: Ball
1-0: Called Strike
1-1: Ball
2-1: SINGLE (Groundball, 34D)
Pitching: LHP Dario Alvarez
Pinch Hitting: RHB Cameron Rupp 0-0: Foul Ball, location: 2F
0-1: Ball
1-1: Ball
2-1: Swinging Strike
2-2: Strikes out swinging
Batting: RHB Trevor Story 0-0: Called Strike
0-1: Ball
1-1: Ball
2-1: Ball
3-1: Base on Balls
Kevin Pillar to second
Batting: RHB Wil Myers 0-0: Ball
1-0: Swinging Strike
1-1: Ball
2-1: Ball
3-1: Base on Balls
Kevin Pillar to third
Trevor Story to second
Batting: LHB Jason Kipnis 0-0: Ball
1-0: Ball
2-0: Ball
3-0: Called Strike
3-1: Base on Balls
Kevin Pillar scores
Trevor Story to third
Wil Myers to second
Batting: RHB Tyler Austin 0-0: Ball
1-0: Ball
2-0: Called Strike
2-1: DOUBLE (Line Drive, 89M)
Trevor Story scores
Wil Myers scores
Jason Kipnis to third
Runner from 3rd tries for Home, SAFE, no throw by RF
Batting: RHB Evan Longoria 0-0: Intentional Walk
Pitching: LHP Justin Jacome
Batting: RHB Mike Zunino 0-0: Called Strike
0-1: Ball
1-1: Swinging Strike
1-2: Strikes out swinging
Batting: RHB Wilmer Flores 0-0: Ball
1-0: Foul Ball, location: 2F
1-1: Swinging Strike
1-2: Foul Ball, location: 2F
1-2: Ball
2-2: Ground out 4-3 (Groundball, 4)
Top of the 15th over - 4 runs, 2 hits, 0 errors, 2 left on base; Los Angeles 7 - Oakland 3
BOTTOM OF THE 15TH
Oakland Athletics batting - Pitching for Los Angeles Angels : LHP Matt Grace
Now in CF: Mikie Mahtook
Batting: LHB Herschel Powell 0-0: Ball
1-0: SINGLE (Line Drive, 56D)
Batting: SHB Marwin Gonzalez 0-0: SINGLE (Groundball, 15S) (infield hit)
Herschel Powell to second
Batting: SHB Kaleb Cowart 0-0: Grounds into double play, 6-4-3 (Groundball, 6)
Herschel Powell to third
Batting: RHB DJ LeMahieu 0-0: Foul Ball, location: 2F
0-1: Ball
1-1: Foul Ball, location: 2F
1-2: Ground out 6-3 (Groundball, 6)
Bottom of the 15th over - 0 runs, 2 hits, 0 errors, 1 left on base; Los Angeles 7 - Oakland 3
Wednesday, August 22nd, 2018 - OOTP Baseball 19.8 Build 70